 Dungeon Crawl Stone Soup version 0.17-a0-1718-g72dbe4d (webtiles) character file.

51 Yloidan the Grave Robber (level 3, -4/28 HPs)
             Began as a Hill Orc Necromancer on Aug 26, 2015.
             Was an Initiate of Vehumet.
             Slain by a hobgoblin
             ... wielding a +0 club
              (5 damage)
             ... on level 2 of the Dungeon.
             The game lasted 00:17:28 (2317 turns).

Yloidan the Grave Robber (Hill Orc Necromancer)     Turns: 2317, Time: 00:17:28

Health: -4/28      AC:  2    Str: 10    XL:     3   Next: 81%
Magic:  5/5        EV: 12    Int: 16    God:    Vehumet [......]
Gold:   43         SH:  0    Dex: 11    Spells: 3 memorised, 0 levels left

rFire  . . .     SeeInvis .     g - +0 dagger
rCold  . . .     Clarity  .     a - +0 robe
rNeg   . . .     SustAt   .     (no shield)
rPois  .         Gourm    .     (no helmet)
rElec  .         Spirit   .     (no cloak)
rCorr  .         Warding  .     (no gloves)
rMut   .         Stasis   .     (no boots)
MR     .....                    (no amulet)
Stlth  ++........               (no ring)
                                (no ring)

@: lethally poisoned (-4 -> -10), not resistant to hostile enchantments,
unstealthy
A: no striking features
a: Renounce Religion


You were on level 2 of the Dungeon.
You worshipped Vehumet.
Vehumet was noncommittal.
You were not hungry.

You visited 1 branch of the dungeon, and saw 2 of its levels.

You collected 43 gold pieces.

Inventory:

Hand weapons
 g - a +0 dagger (weapon)
 j - a +0 mace
 k - a +0 dagger
Missiles
 c - 18 poisoned needles
 d - 45 arrows
 e - 77 stones (quivered)
 p - 7 tomahawks
Armour
 a - a +0 robe (worn)
 f - a +0 ring mail
 m - a +0 scale mail
Jewellery
 n - a +2 ring of evasion {unknown}
Scrolls
 h - 2 scrolls of identify {unknown}
 q - a scroll of remove curse {unknown}
 r - a scroll of teleportation {unknown}
Potions
 i - a potion of brilliance {unknown}
 l - a potion of curing {unknown}
Books
 b - a book of Necromancy

   Spells                             Type                      Level
   a - Pain                           Necromancy                   1
   b - Animate Skeleton               Necromancy                   1
   c - Vampiric Draining              Necromancy                   3
   d - Regeneration                   Charms/Necromancy            3
   e - Animate Dead                   Necromancy                   4
   f - Control Undead                 Necromancy                   4
Comestibles
 o - a meat ration


   Skills:
 + Level 1.0 Fighting
 + Level 2.0 Dodging
 + Level 1.6 Stealth
 + Level 1.7 Spellcasting
 + Level 4.8 Necromancy


You couldn't memorise any spells.
You knew the following spells:

 Your Spells              Type           Power        Failure   Level  Hunger
a - Pain                  Necr           ###.         3%          1    ##.....
b - Animate Skeleton      Necr           N/A          3%          1    ##.....
c - Regeneration          Chrm/Necr      #.........   28%         3    ####...


Dungeon Overview and Level Annotations

Branches:
Dungeon (2/15)

Altars:
Fedhas
Nemelex Xobeh
Ru
Vehumet
Zin


Message History

The hobgoblin shouts!
* * * LOW HITPOINT WARNING * * *
You feel sick.
You hit the adder.
The adder is moderately wounded.
* * * LOW HITPOINT WARNING * * *
You feel sick. The adder misses you. The adder misses you.
You hit the adder.
The adder is heavily wounded.
The adder closely misses you. The hobgoblin hits you with a club.
* * * LOW HITPOINT WARNING * * *
You closely miss the adder.
The adder is heavily wounded.
* * * LOW HITPOINT WARNING * * *
You feel sick. The adder bites you.
* * * LOW HITPOINT WARNING * * *
You hit the adder but do no damage.
The adder is heavily wounded.
The hobgoblin hits you with a club.
You die...

#.# ##########.#####.# #
#................#
####.#.########.#####.#
#....#†# #.# #.#
##....#.# #.# #.#
........########.## #.#
..................####.#
.....%g@########........
#......S# ##.......
#.......# ######.#
........# #.. #.#.#.#.#
### #.......# #########


You could see an adder and a hobgoblin.

Vanquished Creatures
  A gnoll (D:1)
  2 adders (D:2)
  2 giant geckos (D:1)
  4 bats
  A giant cockroach (D:2)
  3 goblins
  3 hobgoblins (D:1)
  4 kobolds (D:1)
  A rat (D:1)
21 creatures vanquished.

Vanquished Creatures (collateral kills)
  A bat (D:1)
  A giant cockroach (D:1)
  A goblin (D:1)
3 creatures vanquished.

Grand Total: 24 creatures vanquished

Notes
Turn   | Place    | Note
--------------------------------------------------------------
     0 | D:1      | Yloidan the Hill Orc Necromancer began the quest for the Orb.
     0 | D:1      | Reached XP level 1. HP: 14/14 MP: 3/3
     2 | D:1      | Learned a level 1 spell: Animate Skeleton
   439 | D:1      | Reached XP level 2. HP: 10/20 MP: 0/4
   820 | D:1      | HP: 1/20 [giant cockroach (2)]
   832 | D:1      | Reached XP level 3. HP: 2/26 MP: 3/5
  1861 | D:2      | Found a sacrificial altar of Ru.
  1861 | D:2      | Found a glowing silver altar of Zin.
  1861 | D:2      | Found a sparkling altar of Nemelex Xobeh.
  1861 | D:2      | Found a radiant altar of Vehumet.
  1861 | D:2      | Found a blossoming altar of Fedhas.
  1904 | D:2      | Became a worshipper of Vehumet
  1926 | D:2      | Learned a level 3 spell: Regeneration
  2308 | D:2      | Reached skill level 1 in Fighting
  2316 | D:2      | HP: 1/28 [adder (1)]
  2317 | D:2      | Slain by a hobgoblin

Vault maps used:
D:1:      lemuel_arrival_rhombus, minmay_ruptured
D:2:      grunt_temple_overflow_open

Action                   || total
-------------------------++-------
Melee: Dagger            ||    88
Throw: Stone             ||     5
 Cast: Pain              ||    12
       Animate Skeleton  ||     9
       Regeneration      ||     2
  Eat: Chunk             ||     2
       Bread ration      ||     1
